 Dungeon Crawl Stone Soup version 0.29-a0-111-gbaf749a769 (webtiles) character file.

Game seed: 15458959335330066923

56677 drugrobin the Impaler (level 14, -14/126 HPs)
             Began as a Demigod Warper on Feb 17, 2022.
             Killed by the air
             ... invoked by a wind drake
              (22 damage)
             ... on level 1 of the Shoals.
             The game lasted 01:28:05 (22238 turns).

drugrobin the Impaler (Demigod Warper)             Turns: 22238, Time: 01:28:08

Health: -14/126    AC: 13    Str: 18    XL:     14   Next: 9%
Magic:  10/20      EV: 12    Int: 25    God:
Gold:   1275       SH:  0    Dex: 17    Spells: 1/16 levels left

rFire   . . .      SeeInvis .   e - +10 lajatang "Faarithe" {speed, rPois rN+}
rCold   . . .      Faith    .   (shield currently unavailable)
rNeg    + . .      Spirit   .   l - +2 troll leather armour {Snorg}
rPois   +          Reflect  .   z - +1 helmet
rElec   .          Harm     .   r - +2 cloak
rCorr   .          Rampage  .   Q - +0 pair of gloves of Light {Str+2 Int+2}
Will    .....                   O - +0 pair of boots
Stlth   +.........              P - amulet of regeneration
HPRegen 1.91/turn               y - ring of flight
MPRegen 0.17/turn               F - +4 ring of slaying

@: lit by a corona, weak-willed, flying, glowing
A: high MP 1, forlorn, divine attributes
a: no special abilities


You were on level 1 of the Shoals.
You visited 3 branches of the dungeon, and saw 18 of its levels.
You also visited: Ossuary and Bailey.

You collected 2153 gold pieces.
You spent 878 gold pieces at shops.

Inventory:

Hand Weapons
 a - a +3 vampiric bardiche
 b - a +3 trident of flaming
 c - a +2 spear of venom
 e - the +10 lajatang "Faarithe" (weapon) {speed, rPois rN+}
   (You found it on level 6 of the Lair of Beasts)

   Attacks with this weapon are significantly faster.
   rPois:     It protects you from poison.
   rN:        It protects you from negative energy.
 f - the +5 bardiche "Hiuwoegg" {vorpal, +Blink Str+5 SInv}
   (You found it on level 6 of the Lair of Beasts)

   It inflicts extra damage upon your enemies.
   Str:       It affects your strength (+5).
   SInv:      It lets you see invisible.
   +Blink:    It lets you blink.
Missiles
 w - a throwing net
 C - 21 poisoned darts
 V - 5 boomerangs of dispersal
 Y - 4 silver javelins (quivered)
Armour
 l - a +2 troll leather armour (worn) {Snorg}
 n - a scarf of invisibility
 o - a +2 robe of fire resistance
 r - a +2 cloak (worn)
 x - the +1 buckler of Ileow {rF+ Regen+ MP+9}
   (You found it on level 3 of the Dungeon)

   rF:        It protects you from fire.
   MP:        It affects your magic capacity (+9).
   Regen:     It increases your rate of health regeneration.
 z - a +1 helmet (worn)
 O - a +0 pair of boots (worn)
 Q - the +0 pair of gloves of Light (worn) {Str+2 Int+2}
   (You found it on level 4 of the Lair of Beasts)

   Str:       It affects your strength (+2).
   Int:       It affects your intelligence (+2).
Jewellery
 y - a ring of flight (left hand)
 E - a ring of resist corrosion
 F - a +4 ring of slaying (right hand)
 J - a +6 ring of intelligence
 L - a ring of fire
 M - a ring of ice
 P - an amulet of regeneration (around neck)
Wands
 h - a wand of iceblast (11)
 A - a wand of acid (1)
 D - a wand of polymorph (2)
 H - a wand of charming (4)
 N - a wand of flame (41)
Scrolls
 m - a scroll of summoning
 s - a scroll of fear
 B - a scroll of holy word
 G - 12 scrolls of teleportation
 K - 5 scrolls of magic mapping
 R - 4 scrolls of blinking
 U - 6 scrolls of enchant armour
 Z - a scroll of fog
Potions
 i - 7 potions of heal wounds
 j - 6 potions of curing
 k - 4 potions of ambrosia
 p - 4 potions of berserk rage
 q - 4 potions of brilliance
 t - a potion of cancellation {unknown}
 u - a potion of magic {unknown}
 v - a potion of haste {unknown}
 I - 2 potions of resistance
 S - 3 potions of might
 W - 2 potions of invisibility {unknown}
Miscellaneous
 T - a tin of tremorstones (2/2)


   Skills:
 + Level 12.1 Fighting
 * Level 16.7 Polearms
 - Level 0.8 Throwing
 - Level 0.8 Armour
 - Level 1.7 Dodging
 - Level 1.7 Spellcasting
 + Level 12.1 Translocations
 + Level 1.1 Evocations


You had one spell level left.
You knew the following spells:

 Your Spells              Type           Power      Damage    Failure   Level
a - Blink                 Tloc           100%       N/A       1%          2
b - Teleport Other        Tloc           58%        N/A       1%          3
c - Iskenderun's Mystic   Conj/Tloc      32%        2d8       11%         4
d - Dispersal             Tloc           29%        N/A       14%         6

Your spell library contained the following spells:

 Spells                   Type           Power      Damage    Failure   Level
 Animate Skeleton         Necr           4%         N/A       14%         1
 Pain                     Necr           8%         1d4       14%         1
 Shock                    Conj/Air       8%         1d3       14%         1
 Slow                     Hex            8%         N/A       14%         1
 Gell's Gravitas          Tloc           58%        N/A       1%          3
 Lesser Beckoning         Tloc           58%        N/A       1%          3
 Passage of Golubria      Tloc           58%        N/A       1%          4
 Manifold Assault         Tloc           58%        N/A       2%          5
 Portal Projectile        Hex/Tloc       64%        N/A       3%          3
 Corpse Rot               Necr/Air       4%         N/A       21%         2
 Poisonous Vapours        Pois/Air       4%         N/A       21%         2
 Static Discharge         Conj/Air       2%         N/A       21%         2
 Confusing Touch          Hex            2%         N/A       38%         3
 Dazzling Flash           Conj/Hex       4%         N/A       38%         3
 Swiftness                Air            2%         N/A       38%         3
 Vampiric Draining        Necr           2%         2d6       38%         3
 Airstrike                Air            1%         N/A       80%         4
 Animate Armour           Summ/Erth      4%         N/A       80%         4
 Dispel Undead            Necr           2%         3d7       80%         4
 Sticky Flame             Conj/Fire      2%         2d3       80%         4
 Blade Hands              Tmut           1%         N/A       98%         5
 Excruciating Wounds      Necr           1%         N/A       98%         5
 Silence                  Hex/Air        1%         N/A       98%         5
 Iron Shot                Conj/Erth      1%         9d1       100%        6
 Starburst                Conj/Fire      1%         6d3       100%        6
 Lehudib's Crystal Spear  Conj/Erth      1%         10d2      100%        8
 Chain Lightning          Conj/Air       1%         3d1       100%        9
 Fire Storm               Conj/Fire      1%         7d1       100%        9
 Shatter                  Erth           1%         3d5*      100%        9


Dungeon Overview and Level Annotations

Branches:
Dungeon (11/15)            Temple (0/1) D:6            Lair (6/6) D:10
 Shoals (1/4) Lair:2       Spider (0/4) Lair:2        Slime (0/5) Lair:5
Ossuary (visited)          Bailey (visited)
    Orc: D:9-12

Shops:
D:7 ?   D:8 =   D:10 (

Annotations:
D:9 Joseph
D:11 Nergalle


Innate Abilities, Weirdness & Mutations

You have an increased reservoir of magic. (+10% MP)
You shall have no god before yourself.
Your divine heritage dramatically boosts your attributes as you level up.


Message History

* * * LOW HITPOINT WARNING * * *
A water nymph comes into view.
Unknown command.
Unknown command.
You struggle against the net.
The water nymph's watery aura covers the stone staircase leading down.
Unknown command.
Unknown command.
You struggle against the net.
The merfolk nearly stumbles in trying to escape.
The water nymph gestures at you while chanting.
The water rises up and strikes you.
* * * LOW HITPOINT WARNING * * *
Unknown command.
Unknown command.
Unknown command.
Unknown command.
Unknown command.
Unknown command.
You rip the net and break free!
The water nymph casts a spell at you. The water rises up and strikes you!!
* * * LOW HITPOINT WARNING * * *
The wind drake exhales a fierce blast of wind!
You are blown backwards!
The water nymph is blown away by the wind.
A wind drake comes into view.
Unknown command.
Unknown command.
Unknown command.
Unknown command.
Unknown command.
Unknown command.
Blink to where?
Press: ? - help, Dir - move target
Found a stone staircase leading down.
As you read the scroll of blinking, it crumbles to dust.
The wind drake flaps its wings at you. The air twists around and strikes you!!
You die...

.≈≈≈≈≈. ≈≈≈
.≈≈≈≈≈.### ..≈.
.≈≈≈≈...S##..≈.
..≈≈≈.........≈.
..≈≈≈≈........
≈≈≈...≈.....
≈≈...##...#
.≈≈≈..##@.##
..≈≈≈..k...##
≈.≈≈≈≈≈≈....##
≈≈≈≈≈≈≈≈≈....#
≈≈≈≈≈≈≈≈≈.(....
≈≈≈≈≈m≈≈≈#.≈≈≈≈≈
..≈≈≈≈≈≈≈##.≈≈≈≈
≈≈≈c≈≈≈§≈# >.≈≈≈
≈≈≈c≈c≈≈≈....≈≈


You could see a sea snake (fleeing), a wind drake (repels missiles), a faun
(fleeing) and a water nymph.

Vanquished Creatures
  Rupert (Lair:5)
  Snorg (D:11)
  7 hydras
  2 boulder beetles (D:11)
  4 catoblepae (Lair:6)
  20 death yaks
  2 two-headed ogres (D:11)
  Pikel (D:3)
  2 manticores (Lair:6)
  12 elephants
  A torpor snail (Lair:2)
  10 cane toads
  2 black mambas
  2 unseen horrors (D:11)
  7 rime drakes
  7 komodo dragons
  A meliai (Lair:2)
  4 polar bears
  Grinder (D:4)
  A hornet (D:8)
  4 blink frogs
  4 slime creatures (D:10)
  6 dream sheep
  A shadow (D:10)
  2 wyverns
  3 wraiths
  31 yaks
  A water elemental (Shoals:1)
  A basilisk (Lair:5)
  Eustachio (D:2)
  2 steam dragons
  7 vampire mosquitoes
  Menkaure (D:4)
  19 water moccasins
  3 orc warriors
  6 black bears
  An ice beast (D:8)
  A hornet zombie (D:8)
  2 sky beasts
  3 ogres (D:4)
  3 necrophages
  24 wolves
  4 centaurs
  2 lemures
  3 kobold brigands
  9 bullfrogs
  3 scorpions (D:10)
  11 gnoll sergeants
  4 water moccasin zombies
  9 killer bees
  A water moccasin skeleton (D:5)
  An electric eel (Lair:4)
  6 howler monkeys
  3 centaur zombies
  5 hounds
  5 orc priests
  A bullfrog zombie (D:5)
  2 centaur skeletons (D:7)
  7 gnoll shamans (Bailey)
  7 iguanas
  3 orc wizards
  14 hell rats
  2 hound skeletons
  2 mummies (Ossuary)
  Robin (D:4)
  2 howler monkey zombies
  26 gnolls
  4 adders
  A white imp (D:8)
  An ufetubus (D:4)
  5 adder zombies (Ossuary)
  2 worms (D:2)
  4 dart slugs
  35 orcs
  7 ball pythons
  4 bats
  5 endoplasms
  3 giant cockroaches
  9 hobgoblins
  2 jackals (D:2)
  3 quokkas
  6 frilled lizards
  21 goblins
  7 hobgoblin zombies (Ossuary)
  13 kobolds
  5 kobold zombies (Ossuary)
  2 orc zombies (Ossuary)
  6 rats
492 creatures vanquished.

Vanquished Creatures (others)
  46 fungi
  74 plants
120 creatures vanquished.

Grand Total: 612 creatures vanquished

Notes
Turn   | Place    | Note
-------+----------+-------------------------------------------
     0 | D:1      | drugrobin the Demigod Warper began the quest for the Orb.
     0 | D:1      | Reached XP level 1. HP: 17/17 MP: 5/5
   144 | D:1      | Reached skill level 2 in Polearms
   348 | D:1      | Reached XP level 2. HP: 14/24 MP: 7/7
   857 | D:1      | Learned a level 2 spell: Blink
   869 | D:1      | Reached skill level 3 in Polearms
   940 | D:1      | Reached XP level 3. HP: 22/29 MP: 8/8
   945 | D:1      | Learned a level 3 spell: Teleport Other
  2332 | D:2      | You fall into a shaft and drop 2 floors!
  2340 | D:4      | Noticed Menkaure
  2368 | D:3      | Reached XP level 4. HP: 5/37 MP: 9/9
  3411 | D:3      | Noticed a sky beast
  3627 | D:3      | Identified the +1 buckler of Ileow {rF+ Regen+ MP+9}
  4001 | D:3      | Reached skill level 4 in Polearms
  4061 | D:3      | Reached XP level 5. HP: 41/44 MP: 10/10
  4278 | D:4      | Noticed an ogre
  4297 | D:4      | Killed an ogre
  4349 | D:4      | Noticed a necrophage
  4393 | D:3      | Killed a necrophage
  4394 | D:3      | Reached skill level 5 in Polearms
  4394 | D:3      | Reached XP level 6. HP: 37/48 MP: 11/11
  4433 | D:4      | Killed Menkaure
  4561 | D:4      | Noticed Robin
  4612 | D:4      | Killed Robin
  4654 | D:4      | Noticed Eustachio
  4849 | D:4      | Noticed Grinder
  4876 | D:4      | Paralysed by Grinder for 3 turns
  4882 | D:4      | Paralysed by Grinder for 6 turns
  4888 | D:4      | Killed Grinder
  4889 | D:4      | Reached XP level 7. HP: 59/59 MP: 12/12
  5369 | D:4      | Reached skill level 6 in Polearms
  5463 | D:4      | Noticed Pikel
  5548 | D:3      | HP: 1/59 [Pikel (4)]
  5907 | D:2      | Killed Eustachio
  6281 | D:3      | Killed Pikel
  6282 | D:3      | Reached skill level 5 in Fighting
  6282 | D:3      | Reached skill level 7 in Polearms
  6282 | D:3      | Reached skill level 5 in Translocations
  6282 | D:3      | Reached XP level 8. HP: 28/68 MP: 13/13
  6595 | D:5      | Entered Level 5 of the Dungeon
  7198 | D:5      | Reached skill level 8 in Polearms
  7946 | D:6      | Reached XP level 9. HP: 75/75 MP: 14/14
  8098 | D:6      | Learned a level 4 spell: Iskenderun's Mystic Blast
  8195 | D:6      | Found a staircase to the Ecumenical Temple.
  8456 | D:7      | HP: 3/75 [killer bee (8)]
  8459 | D:7      | HP: 1/75 [killer bee (6)]
  8511 | D:7      | Found Livun's Magic Scroll Shoppe.
  8521 | D:7      | Reached skill level 9 in Polearms
  8528 | D:7      | Bought a scroll of blinking for 82 gold pieces
  8528 | D:7      | Bought a scroll of teleportation for 33 gold pieces
  8528 | D:7      | Bought a scroll of teleportation for 33 gold pieces
  8528 | D:7      | Bought a scroll of magic mapping for 38 gold pieces
  8528 | D:7      | Bought a scroll of enchant weapon for 82 gold pieces
  8528 | D:7      | Bought a scroll of identify for 22 gold pieces
  8538 | D:7      | Found a flagged portal.
  8597 | D:7      | Found a sand-covered staircase.
  8602 | Ossuary  | Entered an ossuary
  8810 | Bailey   | Entered a bailey
  9528 | Bailey   | Reached skill level 10 in Polearms
  9635 | Bailey   | Reached XP level 10. HP: 46/86 MP: 15/15
  9735 | Bailey   | Identified the +9 rapier of Optimality {drain, rF+ rC-
                  | Will+ rCorr}
 10253 | D:8      | Found Sairrauk's Jewellery Shop.
 10373 | D:8      | Bought an amulet of regeneration for 450 gold pieces
 10612 | D:8      | Paralysed by a hornet for 3 turns
 10683 | D:8      | Paralysed by a hornet for 3 turns
 11265 | D:9      | Noticed Joseph
 11327 | D:9      | Reached skill level 11 in Polearms
 11910 | D:10     | Entered Level 10 of the Dungeon
 12784 | D:10     | Found a staircase to the Lair.
 12824 | D:10     | Found Tohoryd's Antique Weapon Shop.
 12853 | D:10     | Bought a glowing spear for 138 gold pieces
 12933 | D:10     | Reached XP level 11. HP: 95/95 MP: 17/17
 13185 | D:11     | Noticed a two-headed ogre
 13207 | D:11     | Killed a two-headed ogre
 13236 | D:11     | Noticed a boulder beetle
 13255 | D:11     | Killed a boulder beetle
 13256 | D:11     | Reached skill level 12 in Polearms
 13332 | D:11     | Noticed a boulder beetle
 13352 | D:11     | Killed a boulder beetle
 13377 | D:11     | Noticed a six-headed hydra
 13421 | D:11     | Killed a six-headed hydra
 13610 | D:11     | Noticed a two-headed ogre
 13627 | D:11     | Killed a two-headed ogre
 14025 | D:11     | Noticed Snorg
 14049 | D:11     | Killed Snorg
 14262 | D:11     | Noticed Nergalle
 14580 | Lair:1   | Entered Level 1 of the Lair of Beasts
 14783 | Lair:1   | Reached skill level 13 in Polearms
 14947 | Lair:1   | Found the +10 Black Knight's barding {ponderous, rPois rN+}
 14972 | Lair:1   | Noticed a seven-headed hydra
 15019 | Lair:1   | Killed a seven-headed hydra
 15474 | Lair:2   | Found a staircase to the Shoals.
 15475 | Lair:2   | Found a hole to the Spider Nest.
 15592 | Lair:2   | Noticed a six-headed hydra
 15608 | Lair:2   | Reached XP level 12. HP: 63/106 MP: 18/18
 15626 | Lair:2   | Killed a six-headed hydra
 16006 | Lair:2   | Reached skill level 10 in Fighting
 16292 | Lair:2   | Reached skill level 10 in Translocations
 16452 | Lair:2   | Reached skill level 14 in Polearms
 17550 | Lair:4   | Noticed Rupert
 17555 | Lair:4   | Identified the +0 pair of gloves of Light {Str+2 Int+2}
 17562 | Lair:4   | Paralysed by Rupert for 3 turns
 18471 | Lair:5   | Killed Rupert
 18938 | Lair:5   | Reached skill level 15 in Polearms
 19053 | Lair:5   | Reached XP level 13. HP: 115/115 MP: 19/19
 19060 | Lair:5   | Learned a level 6 spell: Dispersal
 19515 | Lair:5   | Found a staircase to the Slime Pits.
 19656 | Lair:6   | Entered Level 6 of the Lair of Beasts
 20686 | Lair:6   | Reached skill level 16 in Polearms
 21671 | Lair:6   | Reached XP level 14. HP: 111/126 MP: 20/20
 22048 | Lair:6   | Reached skill level 1 in Evocations
 22077 | Lair:6   | Identified the +10 lajatang "Faarithe" {speed, rPois rN+}
 22113 | Lair:6   | Identified the +5 bardiche "Hiuwoegg" {vorpal, +Blink Str+5
                  | SInv}
 22216 | Shoals:1 | Entered Level 1 of the Shoals
 22237 | Shoals:1 | HP: 6/126 [water nymph/the raging water (26)]
 22238 | Shoals:1 | Killed from afar by a wind drake

Illustrated notes

Levels and vault maps discovered:
D:1:      dpeg_arrival_tiny_j, layout_rooms, basic_ecumenical_altar,
          minmay_distorted
D:2:      layout_basic, minmay_diced_spiral
D:3:      layout_rooms, kennysheep_nondescript, kennysheep_generic_room_13
D:4:      layout_gridville, mainiacjoe_overflow_chevrons, chequers_mini_garden,
          uniq_robin, uniq_pikel, uniq_eustachio, uniq_menkaure, uniq_grinder
D:5:      layout_loops_ring
D:6:      layout_basic, minmay_temple_entry_offerings
D:7:      layout_basic, enter_ossuary_5, enter_bailey_5, minmay_shop_grid_forest
D:8:      layout_loops_ring, serial_shops,
          nicolae_shop_temple_entry_statues_fountains
D:9:      layout_rooms, uniq_joseph
D:10:     layout_gridville, grunt_lair_entry_orc_guard_hut, serial_shops, shop
D:11:     layout_loops_ring, st_stairs_14, fedhas_altar_fruit_tree, uniq_snorg,
          uniq_nergalle
Lair:1:   layout_long_grid, ldierk_geyser
Lair:2:   layout_layer_cave, shoals_dummy_entry,
          hellmonk_spider_entry_not_the_bees, st_stairs_7,
          minmay_shattered_shrine
Lair:3:   layout_hall_layers
Lair:4:   layout_hall_layers, st_stairs_8, minmay_holes,
          nicolae_quartered_pool_medium, uniq_rupert
Lair:5:   layout_gridlike, dpeg_slime_entry_corner, serial_bayou_pond_e,
          grunt_megastairs_2, serial_bayou_shore_b
Lair:6:   evilmike_catoblepas_cave, layout_misc_corridors,
          chequers_serial_rivers_small_b
Shoals:1: layout_shoals

Skill      XL: |  1  2  3  4  5  6  7  8  9 10 11 12 13 14 |
---------------+-------------------------------------------+-----
Polearms       | 2 3 4 5 7 8 10 11 13 15 16 | 16.7
Fighting       | 2 3 4 5 7 8 9 10 12 | 12.1
Translocations | 3 4 5 7 8 9 10 12 | 12.1
Evocations     | 1 |  1.1
Throwing       | |  0.8
Armour         | |  0.8
Dodging        | |  1.7
Spellcasting   | |  1.7

Action                   |  1- 3 |  4- 6 |  7- 9 | 10-12 | 13-15 || total
-------------------------+-------+-------+-------+-------+-------++-------
Melee: Spear             |   180 |   222 |   430 |   107 |   124 ||  1063
       Punch             |     1 |     1 |       |       |     1 ||     3
       Trident           |       |       |   423 |   682 |   389 ||  1494
       Whip              |       |       |       |    33 |       ||    33
       Rapier            |       |       |       |    58 |       ||    58
       Bardiche          |       |       |       |       |    44 ||    44
       Lajatang          |       |       |       |       |     3 ||     3
 Fire: Hunting sling     |    25 |    65 |    76 |     4 |       ||   170
Throw: Javelin           |       |     5 |     3 |       |       ||     8
       Dart              |       |     2 |    15 |    28 |     2 ||    47
       Boomerang         |       |       |     2 |    16 |    10 ||    28
       Throwing net      |       |       |     2 |     7 |       ||     9
 Cast: Blink             |     2 |     6 |    28 |    11 |     7 ||    54
       Teleport Other    |       |     2 |       |     5 |     3 ||    10
       Iskenderun's Myst |       |       |     1 |    20 |    37 ||    58
       Dispersal         |       |       |       |       |     5 ||     5
 Abil: Evoke Blink       |       |       |       |       |     1 ||     1
Evoke: Wand              |       |       |     4 |       |       ||     4
  Use: Scroll            |       |       |    14 |    10 |     6 ||    30
       Potion            |       |       |     5 |       |       ||     5
 Stab: Sleeping          |       |     1 |     1 |     1 |       ||     3
       Distracted        |       |       |     1 |     1 |       ||     2
       Held in net/web   |       |       |       |     5 |       ||     5
       Petrified         |       |       |       |       |    10 ||    10
       Confused          |       |       |       |       |     2 ||     2
Armor: Leather armour    |    38 |    28 |    45 |       |       ||   111
       Robe              |       |       |   221 |   109 |       ||   330
       Troll leather arm |       |       |       |   124 |   144 ||   268
Dodge: Dodged            |    80 |   100 |   562 |   312 |   185 ||  1239
Block: Buckler           |       |    30 |   210 |   156 |    78 ||   474

Table legend: (Time is in decaauts)
 A = Elapsed time spent in this place.
 B = Non-inter-level travel time spent in this place.
 C = Inter-level travel time spent in this place.
 D = Time resting spent in this place.
 E = Time spent auto-exploring this place.
 F = Levels seen in this place.
 G = Mean time per level.
                   A        B        C        D        E       F      G
               +--------+--------+--------+--------+--------+-----+--------+
         Total |  21738 |  20537 |   1201 |   1693 |  11645 |  20 | 1086.9 |
       Dungeon |  13292 |  12561 |    731 |   1399 |   7051 |  11 | 1208.4 |
          Lair |   7317 |   6848 |    469 |    243 |   4291 |   6 | 1219.5 |
        Shoals |     13 |     13 |      0 |      0 |      0 |   1 |   13.0 |
       Ossuary |    174 |    174 |      0 |      0 |      0 |   1 |  174.0 |
        Bailey |    939 |    939 |      0 |     51 |    303 |   1 |  939.0 |
               +--------+--------+--------+--------+--------+-----+--------+

Top non-repeatable levels by time:
  Lair:5: 1967 daAuts
     D:3: 1965 daAuts
     D:2: 1680 daAuts
     D:4: 1651 daAuts
     D:1: 1541 daAuts
  Lair:6: 1528 daAuts
    D:10: 1417 daAuts
  Lair:2: 1245 daAuts
    D:11: 1231 daAuts
     D:8: 1165 daAuts
  Lair:4: 942 daAuts
  Bailey: 939 daAuts
  Lair:3: 876 daAuts
     D:5: 778 daAuts
  Lair:1: 758 daAuts
